 Dungeon Sprint DCSS version 0.31-a0-920-g28cbb04a8c (webtiles) character file.

Game seed: 4358494510259511160

43103 sircluck the Wrestler (level 13, -12/228 HPs)
             Began as a Troll Berserker on Oct 17, 2023.
             Was the Champion of Trog.
             Mangled by a green draconian monk (19 damage)
             ... in the Dungeon (Sprint VII: "The Pits").
             The game lasted 00:09:39 (2642 turns).

sircluck the Wrestler (Troll Berserker)             Turns: 2642, Time: 00:09:39

Health: -12/228    AC: 17    Str: 32    XL:     13   Next: 89%
Magic:  12/12      EV: 13    Int:  3    God:    Trog [******]
Gold:   67         SH:  0    Dex:  9    Spells: 12/12 levels left

rFire   . .          .
                       - Unarmed
rCold   . . .        (no shield)
rNeg    . . .        B - quicksilver dragon scales
rPois   .            (helmet restricted)
rElec   .            k - +0 cloak
rCorr   .            (gloves unavailable)
SInv    .            (boots unavailable)
Will    +....        (no amulet) Stlth
                     (no ring)
HPRegen 1.38/turn    (no ring)
MPRegen 0.13/turn

%: no teleportation
@: berserking, lethally poisoned (-12 -> -62), very quick
A: large, unfitting armour, claws 3, regeneration 1, shaggy fur 1, tough skin 1,
MP-powered wands
a: Renounce Religion, Berserk, Trog's Hand, Brothers in Arms


You were in the Dungeon.
You worshipped Trog.
Trog was exalted by your worship.
You visited 1 branch You collected 67 gold pieces.

Inventory:

Missiles
 q - 6 large rocks
 v - 8 silver javelins
Armour
 a - a +0 animal skin
 k - a +0 cloak (worn)
 o - +0 acid dragon scales
 p - +0 steam dragon scales
 B - quicksilver dragon scales (worn)
Jewellery
 l - a +3 ring of intelligence
 m - a +3 ring of intelligence
 r - a ring of willpower
 t - a ring of willpower
 C - a +6 ring of intelligence
 D - a ring of willpower
Wands
 s - a wand of flame (3)
Scrolls
 g - a scroll of blinking
 i - 2 scrolls of vulnerability
 j - a scroll of butterflies
 u - a scroll of poison
 w - 3 scrolls of fog
 x - a scroll of identify
 y - 5 scrolls of enchant armour
 z - a scroll of fear
 E - a scroll of enchant weapon
Potions
 b - 9 potions of curing
 c - 5 potions of heal wounds
 d - 2 potions of haste
 e - 4 potions of magic
 f - 4 potions of berserk rage
 h - 2 potions of invisibility
 n - a potion of resistance
 A - a potion of might


   Skills:
 + Level 15.8 Fighting
 + Level 0.6 Throwing
 + Level 11.9 Armour
 + Level 15.6 Dodging
 + Level 1.6 Stealth
 + Level 24.9 Unarmed Combat


You had 12 spell levels left.
You didn't know any spells.
Your spell library was empty.

Dungeon Overview and Level Annotations

Branches:
Dungeon (1/1)

Altars:
Ashenzari
Cheibriados
Dithmenos
Elyvilon
Fedhas
Gozag
Hepliaklqana
Kikubaaqudgha
Makhleb
Nemelex Xobeh
Okawaru
Qazlal
Ru
Sif Muna
Trog
Uskayaw
Vehumet
Wu Jian
Xom
Yredelemnul
Zin
The Shining One
Jiyva
Lugonu


Innate Abilities, Weirdness & Mutations

You are too large for most types of armour.
You have claws for hands.
Your natural rate of healing is unusually fast.
You are covered in fur. (AC +1)
You have tough skin. (AC +1)
You expend magic power (3 MP) to strengthen your wands.


Message History

You are poisoned.
* * * LOW HITPOINT WARNING * * *
You feel sick.
You miss the green draconian monk.
The green draconian monk is heavily wounded.
You are engulfed in poison gas.
You are more poisoned.
You feel very sick.
You mangle the green draconian monk!!
The green draconian monk is heavily wounded.
You are engulfed in poison gas.
You are more poisoned.
You feel very sick.
The green draconian monk hits you but does no damage.
The green draconian monk kicks you but does no damage.
The green draconian monk tail-slaps you.
* * * LOW HITPOINT WARNING * * *
The green draconian monk tail-slaps you.
* * * LOW HITPOINT WARNING * * *
You eviscerate the green draconian monk!!!
Your claw misses the green draconian monk.
The green draconian monk is almost dead.
You are engulfed in poison gas.
You are lethally poisoned!
* * * LOW HITPOINT WARNING * * *
x2 You feel very sick.
You closely miss the green draconian monk.
Your claw misses the green draconian monk.
The green draconian monk is almost dead.
You are engulfed in poison gas.
You are more poisoned.
* * * LOW HITPOINT WARNING * * *
x2 You feel very sick.
You barely miss the green draconian monk.
Your claw misses the green draconian monk.
The green draconian monk is almost dead.
You are engulfed in poison gas.
You are more poisoned.
* * * LOW HITPOINT WARNING * * *
You feel extremely sick. The green draconian monk hits you!!
You die...

...............)).#
++##############).#
#..# #..# #..# #..#
#°°# #°○# #@°# #q°#
#°.# #)'# ####))#
#.)).)# ......#).##
..... ##.:# ....
..##


You could see a green draconian monk (catching breath).

Vanquished Creatures
  Frederick (D)
  A quicksilver dragon (D)
  A sphinx (D)
  A draconian annihilator (D)
  A deep elf demonologist (D)
  A red draconian (D)
  2 minotaurs (D)
  A white draconian (D)
  A purple draconian (D)
  A deep elf death mage (D)
  An alligator snapping turtle (D)
  A boulder beetle (D)
  A merfolk avatar (D)
  A death yak (D)
  A demonic crawler (D)
  A spriggan berserker (D)
  A sun demon (D)
  4 shadow wraiths (D)
  An iron troll (D)
  An arcanist (D)
  A sea snake (D)
  3 swamp dragons (D)
  A spriggan druid (D)
  A bog body (D)
  A deep troll (D)
  2 deep elf zephyrmancers (D)
  A wolf spider (D)
  A manticore (D)
  A cyclops (D)
  2 elephants (D)
  Psyche (D)
  A kobold demonologist (D)
  A komodo dragon (D)
  A guardian mummy (D)
  2 ice devils (D)
  A red devil (D)
  2 trolls (D)
  A polar bear (D)
  6 blink frogs (D)
  6 dream sheep (D)
  2 wyverns (D)
  A steam dragon (D)
  2 redbacks (D)
  A small abomination (D)
  2 acid dragons (D)
  A floating eye (D)
  A sky beast (D)
  A centaur (D)
  3 phantoms (D)
  A wandering mushroom (D)
  A scorpion (D)
  8 wights (D)
  A quasit (D)
  An iron imp (D)
  Crazy Yiuf (D)
  A jelly (D)
  2 orc wizards (D)
  An iguana (D)
  An adder (D)
  A river rat (D)
  A worm (D)
  4 orcs (D)
  A bat skeleton (D)
  An endoplasm (D)
  2 giant cockroaches (D)
  A goblin (D)
  3 jackals (D)
  A quokka (D)
  A jackal zombie (D)
  A kobold (D)
  A quokka simulacrum (D)
  A quokka skeleton (D)
111 creatures vanquished.

Vanquished Creatures (collateral kills)
  A sphinx (D)
  A ghost moth (D)
  A purple draconian (D)
  A white draconian (D)
  A blizzard demon (D)
  An ogre mage (D)
  A two-headed ogre (D)
  A naga warrior (D)
  A satyr (shapeshifter) (D)
  2 deep elf knights (D)
  An arcanist (D)
  A spriggan druid (D)
  A phantasmal warrior (D)
  An occultist (D)
  2 deep elf pyromancers (D)
  A wolf spider (D)
  A salamander (D)
  A naga mage (D)
  A red devil (D)
  A wandering mushroom (D)
  A hornet (D)
  2 blink frogs (D)
  A polar bear (D)
  A spriggan (D)
  A water elemental (D)
  A swamp drake (D)
  An earth elemental (D)
  An iron imp (D)
  An orc (D)
  A giant cockroach simulacrum (D)
33 creatures vanquished.

Vanquished Creatures (others)
  An emperor scorpion (D)
  A fire elemental (D)
2 creatures vanquished.

Grand Total: 146 creatures vanquished

Notes
Turn   | Place    | Note
-------+----------+-------------------------------------------
     0 | D        | sircluck the Troll Berserker began the quest for the Orb.
     0 | D        | Reached XP level 1. HP: 22/22 MP: 0/0
    11 | D        | Noticed a floating eye
    14 | D        | Paralysed by a floating eye for 4 turns
    18 | D        | Killed a floating eye
    19 | D        | Reached skill level 5 in Fighting
    19 | D        | Reached skill level 5 in Unarmed Combat
    19 | D        | Reached XP level 2. HP: 35/35 MP: 1/1
    19 | D        | Reached XP level 3. HP: 42/42 MP: 2/2
    19 | D        | Reached XP level 4. HP: 50/50 MP: 3/3
    23 | D        | Found a bloodstained altar of Trog.
    23 | D        | Found a shimmering blue altar of Sif Muna.
    23 | D        | Found a viscous altar of Jiyva.
    23 | D        | Found a hazy altar of Hepliaklqana.
    23 | D        | Found an opulent altar of Gozag.
    24 | D        | Found a glowing golden altar of the Shining One.
    24 | D        | Found a glowing silver altar of Zin.
    24 | D        | Found a basalt altar of Yredelemnul.
    24 | D        | Found a shimmering altar of Xom.
    24 | D        | Found an ornate altar of the Wu Jian Council.
    24 | D        | Found a sacrificial altar of Ru.
    24 | D        | Found a stormy altar of Qazlal.
    24 | D        | Found an iron altar of Okawaru.
    24 | D        | Found a sparkling altar of Nemelex Xobeh.
    24 | D        | Found a burning altar of Makhleb.
    24 | D        | Found a blossoming altar of Fedhas.
    24 | D        | Found a white marble altar of Elyvilon.
    24 | D        | Found a shadowy altar of Dithmenos.
    24 | D        | Found a snail-covered altar of Cheibriados.
    26 | D        | Found a radiant altar of Vehumet.
    26 | D        | Found a corrupted altar of Lugonu.
    27 | D        | Found a hide-covered altar of Uskayaw.
    27 | D        | Found an ancient bone altar of Kikubaaqudgha.
    27 | D        | Found a broken altar of Ashenzari.
    62 | D        | Reached skill level 6 in Unarmed Combat
    62 | D        | Reached ** piety under Trog
    76 | D        | Reached skill level 5 in Dodging
    88 | D        | Reached *** piety under Trog
   137 | D        | Noticed Crazy Yiuf
   148 | D        | Reached **** piety under Trog
   157 | D        | Reached XP level 5. HP: 55/57 MP: 4/4
   163 | D        | Reached ***** piety under Trog
   166 | D        | Reached skill level 7 in Unarmed Combat
   167 | D        | Reached XP level 6. HP: 68/68 MP: 5/5
   169 | D        | Reached skill level 8 in Unarmed Combat
   171 | D        | Killed Crazy Yiuf
   187 | D        | Reached skill level 9 in Unarmed Combat
   187 | D        | Reached XP level 7. HP: 18/79 MP: 6/6
   188 | D        | Reached ****** piety under Trog
   263 | D        | Noticed an elephant
   270 | D        | Killed an elephant
   271 | D        | Reached skill level 10 in Unarmed Combat
   284 | D        | Received a gift from Trog
   284 | D        | Found the +11 plutonium sword {Contam Stlth-}
   300 | D        | Noticed an ice devil
   300 | D        | Noticed a deep elf zephyrmancer
   311 | D        | Killed an ice devil
   312 | D        | Reached skill level 11 in Unarmed Combat
   312 | D        | Reached XP level 8. HP: 92/92 MP: 7/7
   317 | D        | Killed a deep elf zephyrmancer
   318 | D        | Reached skill level 10 in Fighting
   529 | D        | Noticed a troll
   529 | D        | Noticed a death yak
   534 | D        | Reached skill level 10 in Dodging
   541 | D        | Killed a death yak
   542 | D        | Reached skill level 12 in Unarmed Combat
   542 | D        | Reached XP level 9. HP: 102/102 MP: 8/8
   544 | D        | Killed a troll
   544 | D        | Received a gift from Trog
   589 | D        | Noticed a two-headed ogre
   589 | D        | Noticed an alligator snapping turtle
   594 | D        | Killed a two-headed ogre
   595 | D        | Reached skill level 13 in Unarmed Combat
   597 | D        | Killed a shadow wraith
   600 | D        | Killed an alligator snapping turtle
   601 | D        | Reached skill level 14 in Unarmed Combat
   601 | D        | Reached XP level 10. HP: 85/115 MP: 9/9
   651 | D        | Noticed a boulder beetle
   757 | D        | Killed a boulder beetle
   842 | D        | Received a gift from Trog
   843 | D        | Reached skill level 1 in Armour
   902 | D        | Noticed a cyclops
   910 | D        | Received a gift from Trog
   911 | D        | Reached skill level 15 in Unarmed Combat
   913 | D        | Killed a cyclops
  1028 | D        | Noticed a spriggan rider
  1029 | D        | Noticed a swamp dragon
  1034 | D        | Received a gift from Trog
  1040 | D        | Killed a swamp dragon
  1041 | D        | Reached XP level 11. HP: 95/127 MP: 10/10
  1043 | D        | Killed a shadow wraith
  1044 | D        | Reached skill level 16 in Unarmed Combat
  1058 | D        | Killed a shadow wraith
  1058 | D        | Received a gift from Trog
  1249 | D        | Gained mutation: You have sharp toenails. [potion of
                  | mutation]
  1249 | D        | Gained mutation: You are weak. (Str -2) [potion of
                  | mutation]
  1249 | D        | Gained mutation: Your movements are slightly less
                  | encumbered by armour. (ER -2) [potion of mutation]
  1250 | D        | Lost mutation: You are weak. (Str -2) [potion of mutation]
  1250 | D        | Lost mutation: You have sharp toenails. [potion of
                  | mutation]
  1250 | D        | Lost mutation: Your movements are slightly less encumbered
                  | by armour. (ER -2) [potion of mutation]
  1250 | D        | Gained mutation: You are agile. (Dex +4, Str/Int -1)
                  | [potion of mutation]
  1251 | D        | Lost mutation: You are agile. (Dex +4, Str/Int -1) [potion
                  | of mutation]
  1251 | D        | Gained mutation: Your muscles are strong. (Str +4, Int/Dex
                  | -1) [potion of mutation]
  1251 | D        | Lost mutation: Your muscles are strong. (Str +4, Int/Dex
                  | -1) [potion of mutation]
  1251 | D        | Gained mutation: You expend magic power (3 MP) to
                  | strengthen your wands. [potion of mutation]
  1287 | D        | Reached skill level 17 in Unarmed Combat
  1325 | D        | Identified the +6 quarterstaff of Trial by Ordeal {flame,
                  | rN+ Str-2 SInv} (Trog gifted it to you in the Dungeon)
  1325 | D        | Received a gift from Trog
  1360 | D        | Noticed a deep elf knight
  1360 | D        | Noticed a deep elf pyromancer
  1360 | D        | Noticed a deep elf knight
  1360 | D        | Noticed a deep elf pyromancer
  1367 | D        | Killed a deep elf pyromancer
  1368 | D        | Reached skill level 5 in Armour
  1372 | D        | Identified the +8 quarterstaff of Lies {heavy, rPois} (Trog
                  | gifted it to you in the Dungeon)
  1372 | D        | Received a gift from Trog
  1373 | D        | Killed a deep elf knight
  1375 | D        | Killed a deep elf knight
  1376 | D        | Reached skill level 18 in Unarmed Combat
  1383 | D        | Killed a deep elf pyromancer
  1383 | D        | Received a gift from Trog
  1431 | D        | Noticed a swamp dragon
  1440 | D        | Killed a swamp dragon
  1556 | D        | Reached skill level 19 in Unarmed Combat
  1568 | D        | Noticed a bog body
  1574 | D        | Killed a bog body
  1575 | D        | Reached XP level 12. HP: 74/137 MP: 11/11
  1634 | D        | Noticed a minotaur
  1640 | D        | Killed a minotaur
  1640 | D        | Received a gift from Trog
  1645 | D        | Reached skill level 20 in Unarmed Combat
  1663 | D        | Noticed a quicksilver dragon
  1672 | D        | Killed a quicksilver dragon
  1806 | D        | Noticed a blizzard demon
  1807 | D        | Noticed an emperor scorpion
  1809 | D        | Noticed a white draconian
  1811 | D        | Received a gift from Trog
  1817 | D        | Killed an emperor scorpion
  1818 | D        | Killed a blizzard demon
  1819 | D        | Reached skill level 21 in Unarmed Combat
  1829 | D        | Killed a white draconian
  1919 | D        | Noticed a demonic crawler
  1919 | D        | Noticed an ogre mage
  1923 | D        | Killed a demonic crawler
  1930 | D        | Received a gift from Trog
  1933 | D        | Noticed a minotaur
  1937 | D        | Killed a minotaur
  1940 | D        | Lost intelligence.
  1952 | D        | Killed a ghost moth
  1953 | D        | Reached skill level 22 in Unarmed Combat
  1961 | D        | Killed an ogre mage
  1973 | D        | Received a gift from Trog
  1974 | D        | Reached XP level 13. HP: 48/148 MP: 4/12
  1976 | D        | Noticed Psyche
  1982 | D        | Killed Psyche
  1993 | D        | Reached skill level 1 in Stealth
  2011 | D        | Received a gift from Trog
  2012 | D        | Reached skill level 15 in Dodging
  2012 | D        | Reached skill level 23 in Unarmed Combat
  2031 | D        | Reached skill level 15 in Fighting
  2045 | D        | Identified the +4 mace of Boovaiha {heavy, *Corrode rPois
                  | Dex+5}
  2105 | D        | Received a gift from Trog
  2106 | D        | Reached skill level 10 in Armour
  2334 | D        | Noticed a purple draconian
  2334 | D        | Noticed a sphinx
  2348 | D        | Paralysed by a sphinx for 3 turns
  2350 | D        | Killed a purple draconian
  2353 | D        | Killed a sphinx
  2360 | D        | Noticed a deep elf demonologist
  2371 | D        | Noticed a balrug
  2374 | D        | Killed a deep elf demonologist
  2374 | D        | Received a gift from Trog
  2410 | D        | Noticed a deep elf death mage
  2410 | D        | Noticed a sphinx
  2418 | D        | Noticed a white draconian
  2419 | D        | Killed a sphinx
  2420 | D        | Noticed a yellow draconian annihilator
  2422 | D        | Reached skill level 24 in Unarmed Combat
  2424 | D        | Noticed a purple draconian
  2425 | D        | Noticed Frederick
  2428 | D        | Killed a white draconian
  2429 | D        | Killed a yellow draconian annihilator
  2429 | D        | Received a gift from Trog
  2432 | D        | Killed a deep elf death mage
  2442 | D        | Noticed a red draconian
  2446 | D        | Killed Frederick
  2449 | D        | Received a gift from Trog
  2452 | D        | Killed a red draconian
  2460 | D        | Killed a purple draconian
  2622 | D        | Noticed a green draconian monk
  2642 | D        | HP: 7/228 [poisoned by a green draconian monk (poison gas)]
  2642 | D        | Mangled by a green draconian monk

Illustrated notes

Levels and vault maps discovered:
D:        pitsprint [storerooms_1, entrance_room_1, metal_vault_2, armoury_2,
          mini_pit_1, grid_room_1, main_hall_1, silver_pit, the_coven_3,
          the_vestibule_1, steel_vault_2, golden_pit, hallway_of_sentries,
          crystal_vault_6, iron_vault_1, final_vault]

Skill      XL: |  1  2  3  4  5  6  7  8  9 10 11 12 13 |
---------------+----------------------------------------+-----
Fighting       | 5 6 7 9 10 12 13 14 15 | 15.8
Dodging        | 4 5 6 7 9 10 11 13 14 15 | 15.6
Unarmed Combat | 5 6 7 9 11 12 14 15 19 22 24 | 24.9
Armour         | 3 6 9 11 | 11.9
Stealth        | 1 |  1.6
Throwing       | |  0.6

Action                     |  1- 3 |  4- 6 |  7- 9 | 10-12 | 13-15 || total
---------------------------+-------+-------+-------+-------+-------++-------
  Melee: Unarmed           |     3 |    49 |    49 |   182 |    74 ||   357
         Punch             |     1 |     2 |     5 |    11 |     8 ||    27
 Invoke: Berserk           |       |       |     3 |     5 |     3 ||    11
         Brothers in Arms  |       |       |     1 |     7 |     3 ||    11
    Use: Potion            |       |       |       |    10 |     1 ||    11
         Scroll            |       |       |       |     1 |       ||     1
 Armour: Animal skin       |       |    30 |    30 |    10 |       ||    70
         Acid dragon scale |       |       |       |    94 |       ||    94
         Quicksilver drago |       |       |       |    87 |    58 ||   145
  Dodge: Dodged            |       |    23 |     8 |    89 |    25 ||   145

Table legend: (Time is in decaauts)
 A = Elapsed time spent in this place.
 B = Non-inter-level travel time spent in this place.
 C = Inter-level travel time spent in this place.
 D = Time resting spent in this place.
 E = Time spent auto-exploring this place.
 F = Levels seen in this place.
 G = Mean time per level.
                   A        B        C        D        E       F      G
               +--------+--------+--------+--------+--------+-----+--------+
         Total |   2659 |   2605 |     54 |   1037 |    510 |   1 | 2659.0 |
       Dungeon |   2659 |   2605 |     54 |   1037 |    510 |   1 | 2659.0 |
               +--------+--------+--------+--------+--------+-----+--------+

Top non-repeatable levels by time:
       D: 2659 daAuts
